stoopid, chaotic female human Wizard -------- -------------------------------- --------- |......| #-......).).).....(.............|#########........| |......| #|.------|--------------..-----.-# |...<...| |......| #|.| ...|..|.. |.. +..| |.|# -----+--- |..>...| #|.| ...|..|.. |. |..+ |.| |.......####)#%#|.---|----|.. -|- -- |..| |.| - ---|-- # %#|......|..|.. |.| .| |.-- |.| ## ### #%.%----.|..-|---.| . |.| |.| # # # ###|.|..-.-|--..[)@-|-- |. |.| # # # |.|..|.......%.....- -.| |.| # # # |.|--|-|--.----|-- ... .| |.| ## # # |.| |...|.+ |.@| - ---- |.| ---|---.---# |.| |((.|.| |@(| +.| |.........|# |.| |(((|.- |mf| |.| |......).^.# |.- -----. ---- -.| |.........| |. . .| ----------- --- --- --- stoopid the Thaumaturge Experience level: 6 Strength: 8 Dexterity: 9 Constitution: 16 Intelligence: 18 Wisdom: 12 Charisma: 11 Health: 0(44) Energy: 17(43) Def: 4 Gold: 495 Moves: 3305 Dungeon seed: 5jzLmJfBSCeRURLw Game ID: stoopid_1507164571 Your Inventory: Coins $ - 495 gold pieces Weapons a - a blessed +1 quarterstaff (weapon in hands) s - an uncursed +0 orcish dagger w - an uncursed +3 dagger z - an uncursed +0 dagger Armor e - an uncursed +0 cloak of magic resistance r - an uncursed +0 pair of leather gloves (being worn) N - a blessed +3 dwarvish cloak (being worn) Y - an uncursed +0 dwarvish cloak Comestibles B - 4 uncursed food rations O - an uncursed tripe ration Scrolls E - an uncursed scroll of identify F - a cursed scroll of teleportation Spellbooks f - an uncursed spellbook of confuse monster g - an uncursed spellbook of light Potions k - an uncursed potion of levitation p - an uncursed potion of monster detection J - an uncursed potion of speed Rings M - an uncursed ring of protection from shape changers Wands b - an uncursed wand of striking (0:8) v - an uncursed wand of striking (0:8) K - an uncursed wand of create monster (0:0) L - an uncursed wand of digging (0:6) Q - an uncursed wand of slow monster (0:2) Tools h - an uncursed blindfold u - an uncursed tin whistle C - 5 uncursed tallow candles (0:200) D - an uncursed towel H - an uncursed mirror Gems n - an uncursed worthless piece of yellowish brown glass q - an uncursed jet stone Spells and supernatural/magical abilities: Spells marked with '*' are forgotten. Spells marked with '!' are maintained. Spells marked with '#' are aliased with 'castalias'. Name Level Category Fail Memory a - force bolt 1 attack 0% 95% m - magic missile 2 attack 0% 95% W - pray for help -- divine ? -- Your skills at the end: Fighting Skills wands [Basic] Weapon Skills quarterstaff [Basic] Spellcasting Skills attack spells [Basic] enchantment spells [Basic] Final Attributes: You had transgressed. You were held by a giant mimic. You were lucky. You are dead. Vanquished creatures: a watchman 2 leprechauns a dog a shrieker 4 gnome lords 5 gnomish wizards a black naga hatchling 2 straw golems 6 giant ants a little dog a floating eye a kitten 9 dwarves 2 kobold lords a rabid rat a centipede a giant bat 5 monkeys 5 hobbits a hobgoblin 4 giant rats a green mold a red mold 31 gnomes a gecko 8 jackals a fox 2 goblins 9 sewer rats 2 grid bugs 5 bats 3 lichens 5 newts 124 creatures vanquished. Voluntary challenges: You were an atheist. You used a wielded weapon 57 times, starting on turn 4. You read items or engraved 5 times, starting on turn 12. You never genocided any monsters. You never polymorphed an object. You never changed form. You used no wishes. You never split a pudding. You never wrote Elbereth's name. You violated your moral code, losing 42 points of alignment, starting on turn 3216. Dungeon overview: The Dungeons of Doom: levels 1 to 3 Level 1 some fountains, a vault a long staircase Level 2 Level 3 stairs to The Gnomish Mines The Gnomish Mines: levels 4 to 7 Level 4 stairs to The Dungeons of Doom Level 5 Level 6 Level 7 <- You were here some shops, a fountain History has recorded: On T:1 you entered the Dungeons of Doom to retrieve the Amulet of Yendor! On T:391 you reached level 2 of The Dungeons of Doom. On T:795 you reached level 3 of The Dungeons of Doom. On T:974 you advanced to experience level 2. On T:1332 you reached level 1 of The Gnomish Mines. On T:1448 you advanced to experience level 3. On T:1482 you advanced to experience level 4. On T:2066 you advanced to experience level 5. On T:2373 you reached level 2 of The Gnomish Mines. On T:2643 you reached level 3 of The Gnomish Mines. On T:2922 you reached level 4 of The Gnomish Mines. On T:3115 you advanced to experience level 6. Score breakdown: Gold: 495 ( 9169 points) Experience: 6 levels (12456 points) Exploration: 7 levels ( 14.58%) (10718 points) Discoveries: 5 items ( 1.68%) ( 3892 points) Valuables value: (no points given unless you survive) Artifact value: 0 ( 0 points) Variety of kills: 33 monsters ( 8.62%) ( 8806 points) Turncount: 3305 turns ( -743 points) Survival: died (score multiplied by 80%) Total score: 35438 Latest messages: The force bolt misses the giant ant. The giant ant bites! (2x) You hit the giant ant. The giant ant bites! You miss the giant ant. The giant ant bites! (2x) The force bolt hits the giant ant! The giant ant bites! The force bolt misses the giant ant. The force bolt hits the gold golem! The giant ant bites! (2x) Chicoutimi talks about the problem of shoplifters. The giant mimic hits! You die... Chicoutimi gratefully inherits all your possessions. Final status: Goodbye stoopid the Wizard, killed by a giant mimic... You died in The Gnomish Mines on dungeon level 7 with 35438 points, and 495 pieces of gold, after 3305 moves. You were level 6 with a maximum of 44 hit points when you died.